 Dungeon Crawl Stone Soup version 0.28.0-45-g0d030f2227 (webtiles) character file.

Game seed: 13338908919965278925

284 nickcage the Firebug (level 6, 0/32 HPs)
             Began as a Deep Elf Fire Elementalist on Apr 4, 2022.
             Succumbed to a scorpion's poison
             ... on level 3 of the Dungeon.
             The game lasted 00:08:25 (3627 turns).

nickcage the Firebug (Deep Elf Fire Elementalist)   Turns: 3627, Time: 00:08:26

Health: 0/32       AC:  3    Str:  5    XL:     6   Next: 7%
Magic:  0/12       EV: 12    Int: 22    God:
Gold:   199        SH:  0    Dex: 15    Spells: 4/11 levels left

rFire   . . .      SeeInvis .   c - +2 dagger (elec)
rCold   . . .      Faith    .   (no shield)
rNeg    . . .      Spirit   .   a - +0 robe
rPois   .          Reflect  .   j - +0 hat
rElec   .          Harm     .   g - +0 cloak
rCorr   .          Rampage  .   (no gloves)
Will    .....                   (no boots)
Stlth   ++........              (no amulet)
HPRegen 0.10/turn               (no ring)
MPRegen 0.13/turn               (no ring)

@: mighty, lethally poisoned (0 -> -10), attractive, flying
A: no striking features
a: no special abilities


You were on level 3 of the Dungeon.
You visited 1 branch of the dungeon, and saw 4 of its levels.

You collected 199 gold pieces.

Inventory:

Hand Weapons
 b - a +0 spear
 c - a +2 dagger of electrocution (weapon)
Armour
 a - a +0 robe (worn)
 g - a +0 cloak (worn)
 j - a +0 hat (worn)
 o - a +0 cloak
Wands
 m - a wand of iceblast (10)
Scrolls
 e - 2 scrolls of teleportation {unknown}
 f - a scroll of blinking {unknown}
 h - 3 scrolls of identify {unknown}
 k - a scroll of fear {unknown}
 l - 3 scrolls of vulnerability {unknown}
 n - a scroll of fog {unknown}


   Skills:
 - Level 2.4 Dodging
 - Level 2.4 Stealth
 - Level 3.0 Spellcasting
 - Level 1.1 Conjurations
 + Level 7.5 Fire Magic


You had 4 spell levels left.
You knew the following spells:

 Your Spells              Type           Power      Damage    Failure   Level
a - Foxfire               Conj/Fire      88%        2x1d8     2%          1
b - Scorch                Fire           72%        2d9       1%          2
c - Flame Wave            Conj/Fire      22%        2d7       22%         4

Your spell library contained the following spells:

 Spells                   Type           Power      Damage    Failure   Level
 Conjure Flame            Conj/Fire      22%        6-21      6%          3
 Inner Flame              Hex/Fire       19%        N/A       8%          3
 Gell's Gravitas          Tloc           3%         N/A       36%         3
 Lesser Beckoning         Tloc           3%         N/A       36%         3
 Teleport Other           Tloc           3%         N/A       36%         3


Dungeon Overview and Level Annotations

Branches:
Dungeon (4/15)
 Temple: D:4-7

Altars:

Annotations:
D:3 3 runed translucent doors, yahweh's ghost, amateur MiBe


Message History

The scorpion is heavily wounded.
The scorpion stings you.
You don't have enough magic to cast this spell.
You hit the scorpion but do no damage.
The scorpion is heavily wounded.
The scorpion stings you.
You are poisoned.
The scorpion poisons you!
You closely miss the scorpion.
The scorpion is heavily wounded.
You feel very sick. The scorpion misses you.
You hit the scorpion but do no damage.
The scorpion is heavily wounded.
You feel very sick. The scorpion closely misses you. The scorpion stings you.
You are lethally poisoned!
The scorpion poisons you!
You are too injured to fight recklessly!
Casting: Scorch (safe; 1% risk of failure)
Press: ? - help, Q - select action, (/) - cycle Dir - look around, f - activate Flames lash the scorpion.
The scorpion is burned terribly!
You kill the scorpion!
* * * LOW HITPOINT WARNING * * *
You feel very sick.
You have reached level 6!
Okay, then.
There is a lethal amount of poison in your body!
It was a potion of might.
You feel very mighty all of a sudden.
* * * LOW HITPOINT WARNING * * *
You feel very sick.
It was a potion of flight.
You feel very buoyant.
You fly up into the air.
* * * LOW HITPOINT WARNING * * *
You feel very sick.
It was a potion of attraction.
You feel attractive to monsters.
You die...

..................>#.............
##...........#.#.#.#..#########..
#####..........#.#....#.......#..
# #.....)....#.##...#..$!...#.. #
#.................#r##.##.#..
#####...(.....##.###..#J##.##.#..
...............#.# #..#K##.##.#..
.).............#.# #..#J......#..
...............#@# #..#K......#..
.................###..###+++###..
.#......<)....#..##..............
.#####.#####.##..##..............
.+.....#........>........#.#.....
.####..#.###.###.........^.#.##)#
.........# #.............###.#...
############..##.#.....### #.#..#
#..........#...#.#.##### #.#..#


There were no monsters in sight!

Vanquished Creatures
  A scorpion (D:3)
  A hound (D:3)
  A jelly (D:4)
  An orc priest (D:2)
  2 adders
  3 gnolls (D:4)
  2 worms (D:2)
  5 dart slugs
  3 orcs
  9 bats
  8 endoplasms
  5 giant cockroaches
  9 goblins
  4 hobgoblins
  4 jackals
  6 ball pythons
  2 frilled lizards
  4 kobolds
  3 rats
73 creatures vanquished.

Vanquished Creatures (others)
  15 foxfires (D:1)
15 creatures vanquished.

Grand Total: 88 creatures vanquished

Notes
Turn   | Place    | Note
-------+----------+-------------------------------------------
     0 | D:1      | nickcage the Deep Elf Fire Elementalist began the quest for
                  | the Orb.
     0 | D:1      | Reached XP level 1. HP: 10/10 MP: 6/6
   179 | D:1      | Reached skill level 4 in Fire Magic
   179 | D:1      | Reached XP level 2. HP: 9/15 MP: 4/8
   182 | D:1      | Learned a level 2 spell: Scorch
   457 | D:1      | Found a faded altar of an unknown god.
   844 | D:1      | Reached XP level 3. HP: 19/19 MP: 4/9
  1601 | D:2      | Reached skill level 5 in Fire Magic
  1730 | D:2      | Reached XP level 4. HP: 24/24 MP: 5/10
  2680 | D:2      | Learned a level 4 spell: Flame Wave
  2712 | D:3      | Reached skill level 6 in Fire Magic
  2893 | D:3      | Reached XP level 5. HP: 28/28 MP: 4/11
  3279 | D:3      | Found a runed translucent gate.
  3279 | D:3      | Found a runed translucent gate.
  3281 | D:3      | Noticed yahweh's ghost (amateur MiBe)
  3339 | D:3      | Found a runed translucent gate.
  3585 | D:4      | Reached skill level 7 in Fire Magic
  3625 | D:3      | Reached XP level 6. HP: 9/32 MP: 0/12
  3627 | D:3      | Succumbed to a scorpion's poison

Illustrated notes

Levels and vault maps discovered:
D:1:      psy_arrival_radial01, layout_loops_ring,
          shapermc_ecumenical_altar_petra, chequers_jeans, minmay_pentomino_v4
D:2:      layout_loops_cross
D:3:      layout_basic, gammafunk_ghost_split
D:4:      layout_rooms, mainiacjoe_overflow_paths, corexii_leaking_fountain

Skill      XL: |  1  2  3  4  5 |
---------------+----------------+-----
Fire Magic     | 4 5 6 7 |  7.5
Dodging        | |  2.4
Stealth        | |  2.4
Spellcasting   | |  3.0
Conjurations   | |  1.1

Action                   |  1- 3 |  4- 6 || total
-------------------------+-------+-------++-------
Melee: Unarmed           |     5 |       ||     5
       Spear             |     3 |       ||     3
       Dagger            |    14 |    11 ||    25
 Cast: Foxfire           |     9 |       ||     9
       Scorch            |    25 |    49 ||    74
  Use: Potion            |       |     3 ||     3
 Stab: Sleeping          |     3 |       ||     3
Armor: Robe              |     2 |     6 ||     8
Dodge: Dodged            |    14 |    12 ||    26
